General information
- name: BNet
- type: Ladder 1vs1/FFA
- host: Battle.net
- saver: GODIEPLZ
map: TerenasStand
- players: 2
- length: 14:59
- speed: Fast
- version: 1.26 W3XP
- replay type: Public
» download(62 KB)
Players
team 1 (winner)
GODIEPLZ (
purple | 154 APM | 2312 actions | 14:59)
3 Blademaster
2 Wind Walk
1 Critical Strike
4 Goblin Tinker
2 Pocket Factory
2 Engineering Upgrade
» actions
| Assign group hotkey | 23 | |
| Basic commands | 57 | |
| Build / train | 48 | |
| Enter build submenu | 9 | |
| Enter hero's abilities submenu | 8 | |
| Right click | 1219 | |
| Select / deselect | 600 | |
| Select group hotkey | 298 | |
| Use ability | 50 | |
2312 total
» units
| Peon | 7 | |
| Grunt | 13 | |
| Raider | 4 | |
| Troll Headhunter/Berserker | 1 | |
25 total
» upgrades
| Berserker Strength | 1 | |
| Ensnare | 1 | |
| Armor | 2 | |
4 total
» buildings
| Altar of Storms | 1 | |
| Orc Burrow | 4 | |
| Barracks | 1 | |
| Voodoo Lounge | 1 | |
| Stronghold | 2 | |
| War Mill | 1 | |
| Beastiary | 1 | |
11 total
» build order
00:03 Altar of Storms
00:05 Orc Burrow
00:22 Barracks
01:41 Orc Burrow
01:54 Voodoo Lounge
03:24 Stronghold
03:25 Stronghold
03:50 Orc Burrow
05:32 War Mill
06:00 Beastiary
08:31 Orc Burrow
» items
| Healing Salve | 3 | |
| Lesser Clarity Potion | 4 | |
| Potion of Mana | 1 | |
8 total
team 2 (loser)
frozzer (
teal | 82 APM | 1234 actions | 14:58)
2 Demon Hunter
1 Mana Burn
1 Evasion
3 Beastmaster
2 Summon Quilbeast
1 Summon Hawk
» actions
| Assign group hotkey | 29 | |
| Basic commands | 93 | |
| Build / train | 63 | |
| ESC pressed | 5 | |
| Enter build submenu | 13 | |
| Enter hero's abilities submenu | 6 | |
| Right click | 444 | |
| Select / deselect | 280 | |
| Select group hotkey | 231 | |
| Use ability | 69 | |
1234 total
» units
| Wisp | 15 | |
| Archer | 14 | |
| Druid of the Talon | 6 | |
35 total
» upgrades
| Druid of the Talon Training | 1 | |
1 total
» buildings
| Altar of Elders | 1 | |
| Moon Well | 5 | |
| Ancient of War | 1 | |
| Tree of Ages | 3 | |
| Ancient of Wonders | 1 | |
| Ancient of Wind | 2 | |
| Tree of Eternity | 5 | |
| Tree of Life | 1 | |
19 total
» build order
00:10 Altar of Elders
00:20 Moon Well
00:41 Ancient of War
01:44 Moon Well
03:21 Tree of Ages
03:21 Tree of Ages
03:48 Moon Well
04:16 Ancient of Wonders
05:35 Moon Well
06:55 Ancient of Wind
08:00 Ancient of Wind
08:25 Moon Well
08:30 Tree of Eternity
08:30 Tree of Eternity
08:30 Tree of Eternity
08:31 Tree of Eternity
12:31 Tree of Life
» items
| Dust of Appearance | 1 | |
| Potion of Healing | 3 | |
| Staff of Preservation | 1 | |
| Lesser Clarity Potion | 1 | |
6 total
Chat log
(00:51 / All) frozzer: gl
(08:48 / All) frozzer: (
(11:05 / All) GODIEPLZ: stop cookiecut
(11:47 / All) GODIEPLZ: rofl
(11:54 / All) frozzer: good game